 Dungeon Crawl Stone Soup version 0.30-b1-2-g02819fbbbe (webtiles) character file.

Game seed: 18187258921233145854

3367 LLlMATKO the Cleaver (level 9, -10/82 HPs)
             Began as a Minotaur Berserker on Oct 26, 2023.
             Was an Elder of Trog.
             Mangled by a two-headed ogre
             ... wielding a +0 great mace
              (23 damage)
             ... on level 9 of the Dungeon.
             The game lasted 00:06:29 (6293 turns).

LLlMATKO the Cleaver (Minotaur Berserker)           Turns: 6293, Time: 00:06:30

Health: -10/82     AC: 15    Str: 38    XL:     9   Next: 73%
Magic:  8/8        EV: 10    Int:  4    God:    Trog [****..]
Gold:   361        SH: 14    Dex:  9    Spells: 8/8 levels left

rFire   . . .        x - +2 hand axe (freeze)
rCold   . . .        v - +5 kite shield of Xida {Str+5}
rNeg    . . .        a - +0 plate armour
rPois   .            (helmet restricted)
rElec   .            (no cloak)
rCorr   .            (no gloves)
SInv    +            k - +0 pair of boots
Will    .....        (no amulet) Stlth
                     d - +6 ring of strength
HPRegen 0.33/turn    B - ring of see invisible
MPRegen 0.11/turn

%: no passive effects
@: on berserk cooldown, slowed, very slow
A: horns 2, retaliatory headbutt
a: Renounce Religion, Berserk, Trog's Hand, Brothers in Arms


You were on level 9 of the Dungeon.
You worshipped Trog.
Trog was greatly pleased with you.
You visited 1 branch of the dungeon, and saw 10 of its levels.
You also visited: Ossuary.

You collected 361 gold pieces.

Inventory:

Hand Weapons
 u - a +0 war axe
 w - a +0 scythe
 x - a +2 hand axe of freezing (weapon)
 A - a +0 war axe
Missiles
 l - 15 poisoned darts (quivered)
 t - 4 throwing nets
Armour
 a - a +0 plate armour (worn)
 k - a +0 pair of boots (worn)
 v - the +5 kite shield of Xida (worn) {Str+5}
   (You found it on level 4 of the Dungeon)

   Str:       It affects your strength (+5).
Jewellery
 d - a +6 ring of strength (left hand)
 B - a ring of see invisible (right hand)
 C - a ring of positive energy
Wands
 s - a wand of charming (7)
 z - a wand of mindburst (16)
Scrolls
 e - 3 scrolls of teleportation
 h - a scroll of noise
 n - 3 scrolls of fog
 p - 8 scrolls of identify
 q - a scroll of blinking
 y - a scroll of magic mapping {unknown}
 D - 2 scrolls of immolation {unknown}
Potions
 b - 8 potions of curing
 c - a potion of ambrosia {unknown}
 f - 2 potions of attraction {unknown}
 g - a potion of mutation {unknown}
 i - 2 potions of heal wounds {unknown}
 j - 3 potions of lignification {unknown}
 m - 3 potions of haste {unknown}
 o - a potion of degeneration {unknown}
 r - 2 potions of might


   Skills:
 + Level 8.4 Fighting
 + Level 8.5 Axes
 + Level 8.0 Armour
 + Level 7.3 Dodging
 + Level 6.2 Shields


You had 8 spell levels left.
You didn't know any spells.
Your spell library was empty.

Dungeon Overview and Level Annotations

Branches:
Dungeon (10/15)            Temple (0/1) D:7         Ossuary (visited)
   Lair: D:8-11         Orc: D:9-12

Altars:
Dithmenos
Hepliaklqana
Makhleb
Uskayaw
The Shining One

Shops:
D:5 [   D:6 *


Innate Abilities, Weirdness & Mutations

You have a pair of horns on your head.
You reflexively headbutt those who attack you in melee.


Message History

You are exhausted.
You feel yourself slow down.
The orc warrior hits you from afar with a +0 glaive.
Unknown command.
The two-headed ogre hits you with a +0 great mace.
The two-headed ogre hits you with a +0 giant spiked club!!
* * * LOW HITPOINT WARNING * * *
The orc warrior hits you from afar with a +0 glaive!
* * * LOW HITPOINT WARNING * * *
The howler monkey hits you but does no damage.
Unknown command.
The howler monkey attacks as you move away!
The howler monkey barely misses you.
You feel less confused. You block the orc warrior's attack.
A deep elf pyromancer comes into view. It is wielding a +0 dagger.
Unknown command.
The two-headed ogre attacks as you move away!
The two-headed ogre barely misses you. You block the two-headed ogre's attack.
Unknown command.
The two-headed ogre attacks as you move away!
The two-headed ogre completely misses you.
You block the two-headed ogre's attack. The orc warrior completely misses you.
Unknown command.
The howler monkey attacks as you move away!
The howler monkey hits you but does no damage.
The howler monkey hoots and howls with incredible vigour!
You hear a shout!
You hear an angry buzzing noise.
You hear a shout! x2
You hear an angry buzzing noise. x3
Unknown command.
You block the howler monkey's attack. You block the two-headed ogre's attack.
The two-headed ogre barely misses you. The orc warrior closely misses you.
Unknown command.
The howler monkey barely misses you.
Unknown command.
The two-headed ogre attacks as you move away!
The two-headed ogre closely misses you. You furiously retaliate!
You headbutt the two-headed ogre.
The two-headed ogre hits you with a +0 giant spiked club!!
You die...

#......)...##########........
#..........#........#........
...........#..:.....#........
...........#........#........
_.......$..# ......#........
..........o######''##........
..........T............>....>
...........hO....############
#...........@....#
#####.........####
#.......<.# #.........#
###########


You could see a two-headed ogre, a troll, an orc warrior and a howler monkey.

Vanquished Creatures
  Sigmund (D:4)
  4 yaks (D:9)
  A sky beast (D:7)
  An ogre (D:6)
  3 centaurs
  4 bullfrogs
  4 scorpions
  2 gnoll sergeants
  4 wights (D:7)
  A water moccasin zombie (Ossuary)
  4 killer bees (D:8)
  2 howler monkeys
  5 bullfrog zombies (Ossuary)
  2 centaur zombies (Ossuary)
  A jelly (D:6)
  5 orc priests
  5 iguanas
  A sleepcap (D:6)
  5 orc wizards
  An ogre zombie (Ossuary)
  A mummy (Ossuary)
  13 gnolls
  9 adders
  A shadow imp (D:6)
  4 adder zombies (Ossuary)
  A worm (D:2)
  3 dart slugs
  17 orcs
  7 ball pythons
  8 bats
  3 endoplasms
  5 giant cockroaches
  8 hobgoblins
  14 jackals
  3 quokkas
  2 frilled lizards
  3 gnoll zombies (Ossuary)
  7 goblins
  3 goblin zombies (Ossuary)
  A hobgoblin zombie (Ossuary)
  8 kobolds
  An orc zombie (Ossuary)
  4 rats
182 creatures vanquished.

Notes
Turn   | Place    | Note
-------+----------+-------------------------------------------
     0 | D:1      | LLlMATKO the Minotaur Berserker began the quest for the
                  | Orb.
     0 | D:1      | Reached XP level 1. HP: 19/19 MP: 0/0
   182 | D:1      | Reached XP level 2. HP: 25/27 MP: 1/1
   845 | D:2      | Reached XP level 3. HP: 22/33 MP: 2/2
   847 | D:2      | Reached ** piety under Trog
  1242 | D:2      | Reached XP level 4. HP: 41/41 MP: 3/3
  1948 | D:4      | Reached XP level 5. HP: 47/47 MP: 4/4
  1973 | D:4      | Reached *** piety under Trog
  2040 | D:4      | Reached skill level 5 in Fighting
  2117 | D:4      | Found a hide-covered altar of Uskayaw.
  2121 | D:4      | Found a hazy altar of Hepliaklqana.
  2147 | D:4      | Noticed Sigmund
  2155 | D:4      | Reached skill level 5 in Axes
  2157 | D:4      | Killed Sigmund
  2158 | D:4      | Reached XP level 6. HP: 56/56 MP: 5/5
  2232 | D:4      | Identified the +5 kite shield of Xida {Str+5}
  2470 | D:5      | Entered Level 5 of the Dungeon
  2511 | D:5      | Reached skill level 5 in Armour
  2511 | D:5      | Reached skill level 1 in Shields
  2511 | D:5      | Reached XP level 7. HP: 40/62 MP: 6/6
  2598 | D:5      | Found Teotruc's Antique Armour Emporium.
  3400 | D:5      | Reached skill level 5 in Dodging
  4227 | D:6      | Reached XP level 8. HP: 71/71 MP: 7/7
  4319 | D:6      | Found Weciogoi's Overcharged Wands.
  4572 | D:7      | Found a sand-covered staircase.
  4577 | Ossuary  | Entered an ossuary
  4667 | Ossuary  | Reached **** piety under Trog
  4792 | Ossuary  | Noticed a silent spectre
  5080 | D:7      | Reached XP level 9. HP: 79/79 MP: 8/8
  5113 | D:7      | You fall into a shaft and drop 3 floors!
  5113 | D:10     | Entered Level 10 of the Dungeon
  5143 | D:9      | Reached skill level 5 in Shields
  5476 | D:7      | Found a staircase to the Ecumenical Temple.
  6000 | D:8      | Found a shadowy altar of Dithmenos.
  6117 | D:8      | Found a burning altar of Makhleb.
  6156 | D:8      | Reached ***** piety under Trog
  6273 | D:9      | Found a glowing golden altar of the Shining One.
  6273 | D:9      | Noticed a two-headed ogre
  6279 | D:9      | Noticed a troll
  6287 | D:9      | Noticed a deep elf pyromancer
  6293 | D:9      | Mangled by a two-headed ogre

Illustrated notes

Levels and vault maps discovered:
D:1:      lemuel_arrival_behind_the_door_small, layout_basic,
          skrybe_limestone_x, st_stairs_9, nicolae_figureground_sparkle
D:2:      layout_basic, minmay_tall_x
D:3:      layout_rooms
D:4:      layout_rooms, grunt_temple_overflow_open, uniq_sigmund
D:5:      layout_cave_pods, serial_shops, shop
D:6:      layout_rooms, serial_corexii_hall, corexii_hall_statues_x,
          corexii_hall_statues_i, nicolae_shop_overcharged_wands
D:7:      layout_basic, minmay_temple_entry_gardened_gates,
          nicolae_ossuary_entry_false_entrances
D:8:      layout_gridville, mainiacjoe_overflow_six_doors_small,
          mainiacjoe_overflow_chevrons, kennysheep_generic_room_15
D:9:      minmay_the_grid_four_pointed_star_mashed
          [minmay_the_grid_triangle_9x9_descending_squares,
          minmay_the_grid_triangle_9x9_empty,
          minmay_the_grid_triangle_9x9_checkered,
          minmay_the_grid_triangle_9x9_shrine,
          minmay_the_grid_prize_four_corners_diamond_a], layout_irregular_city,
          chequers_temple_overflow_statue_of_worship, reono_crystal_passage
D:10:     layout_roguey, serial_glass, glass_columns_a, glass_columns_a,
          gammafunk_ghost_icy

Skill      XL: |  1  2  3  4  5  6  7  8  9 |
---------------+----------------------------+-----
Axes           | 4 5 6 7 8 |  8.5
Fighting       | 4 5 6 7 8 |  8.4
Armour         | 3 4 5 7 8 |  8.0
Dodging        | 3 4 5 6 7 |  7.3
Shields        | 1 3 4 6 |  6.2

Action                     |  1- 3 |  4- 6 |  7- 9 || total
---------------------------+-------+-------+-------++-------
  Melee: Hand axe          |    54 |    81 |   225 ||   360
         Headbutt          |     8 |    13 |    48 ||    69
         Punch             |       |     2 |       ||     2
         War axe           |       |    41 |       ||    41
 Invoke: Berserk           |       |     2 |     3 ||     5
    Use: Scroll            |       |       |    10 ||    10
 Armour: Animal skin       |    12 |       |       ||    12
         Chain mail        |     9 |    74 |     4 ||    87
         Plate armour      |       |       |    85 ||    85
  Dodge: Dodged            |    28 |    71 |    60 ||   159
  Block: Kite shield       |       |    21 |   160 ||   181
